 Dungeon Crawl Stone Soup version 0.28-a0-1513-ge4f4046303 (webtiles) character file.

Game seed: 8582294317072584690

9576 Essalna the Destroyer (level 11, -3/84 HPs)
             Began as a Demonspawn Fire Elementalist on Jan 16, 2022.
             Was an Initiate of Ashenzari.
             Slain by a yak (15 damage)
             ... on level 2 of the Lair of Beasts.
             The game lasted 00:22:11 (11558 turns).

Essalna the Destroyer (DsFE)                       Turns: 11558, Time: 00:22:11

Health: -3/84      AC:  5    Str:  9    XL:     11   Next: 24%
Magic:  4/22       EV: 13    Int: 30    God:    Ashenzari [......]
Gold:   512        SH:  0    Dex: 11    Spells: 15/25 levels left

rFire   + + +      SeeInvis .   g - staff of fire
rCold   x . .      Faith    .   (no shield)
rNeg    . . .      Spirit   .   v - +0 robe of Curiosity {rF+ Will+ Int+10 Dex-3}
rPois   +          Reflect  .   (helmet restricted)
rElec   .          Harm     .   m - +2 cloak {rCorr}
rCorr   +          Rampage  .   (no gloves)
Will    +....                   (no boots)
Stlth   ++........              (no amulet)
HPRegen 0.24/turn               w - ring of poison resistance
MPRegen 0.18/turn               k - ring of fire

@: mighty
A: antennae 2, powered by pain 3, demonic magic 2
a: Renounce Religion, Curse Item


You were on level 2 of the Lair of Beasts.
You worshipped Ashenzari.
Ashenzari was noncommittal.
You visited 3 branches of the dungeon, and saw 12 of its levels.
You also visited: Sewer.

You collected 671 gold pieces.
You spent 159 gold pieces at shops.

Inventory:

Hand Weapons
 c - a +3 dagger of electrocution
Armour
 a - a +1 robe
 m - a +2 cloak of preservation (worn)
 v - the +0 robe of Curiosity (worn) {rF+ Will+ Int+10 Dex-3}
   (You bought it in a shop on level 6 of the Dungeon)

   Int:       It affects your intelligence (+10).
   Dex:       It affects your dexterity (-3).
   rF:        It protects you from fire.
   Will:      It increases your willpower.
 z - the +2 leather armour of Vympu {rPois Will++}
   (You found it on level 1 of the Lair of Beasts)

   rPois:     It protects you from poison.
   Will:      It greatly increases your willpower.
Magical Staves
 g - a staff of fire (weapon)
 A - a staff of earth
Jewellery
 e - a ring of resist corrosion
 k - a ring of fire (right hand)
 w - a ring of poison resistance (left hand)
 x - a ring of flight
Wands
 f - a wand of acid (5)
 o - a wand of paralysis (22)
 s - a wand of polymorph (9)
 y - a wand of iceblast (3)
Scrolls
 d - 8 scrolls of identify
 h - a scroll of enchant armour
 i - 3 scrolls of teleportation
 u - a scroll of summoning
Potions
 b - 6 potions of curing {unknown}
 j - 2 potions of brilliance {unknown}
 n - a potion of attraction {unknown}
 p - a potion of flight {unknown}
 q - a potion of lignification {unknown}
 r - 2 potions of berserk rage {unknown}
 t - a potion of ambrosia {unknown}


   Skills:
 + Level 7.3 Fighting
 + Level 4.6 Armour
 + Level 5.0 Dodging
 - Level 1.7 Stealth
 + Level 7.9 Spellcasting
 + Level 8.4 Conjurations
 + Level 8.0 Fire Magic


You had 15 spell levels left.
You knew the following spells:

 Your Spells              Type           Power      Damage    Failure   Level
a - Foxfire               Conj/Fire      100%       2x1d9     1%          1
b - Scorch                Fire           100%       2d10      1%          2
c - Flame Wave            Conj/Fire      95%        2d13      1%          4
d - Inner Flame           Hex/Fire       69%        N/A       2%          3

Your spell library contained the following spells:

 Spells                   Type           Power      Damage    Failure   Level
 Magic Dart               Conj           100%       1d8       1%          1
 Conjure Flame            Conj/Fire      95%        6-21      1%          3
 Summon Small Mammal      Summ           44%        N/A       4%          1
 Mephitic Cloud           Conj/Pois/Air  28%        N/A       4%          3
 Call Imp                 Summ           11%        N/A       7%          2
 Ensorcelled Hibernation  Hex/Ice        22%        N/A       7%          2
 Sublimation of Blood     Necr           11%        N/A       7%          2
 Call Canine Familiar     Summ           11%        N/A       13%         3
 Spider Form              Tmut/Pois      11%        N/A       13%         3
 Summon Guardian Golem    Hex/Summ       11%        N/A       13%         3
 Irradiate                Conj/Tmut      18%        3d19      22%         5
 Anguish                  Hex/Necr       5%         N/A       41%         4
 Animate Dead             Necr           5%         N/A       41%         4
 Petrify                  Tmut/Erth      11%        N/A       41%         4
 Summon Cactus Giant      Summ           5%         N/A       100%        6
 Haunt                    Necr/Summ      5%         N/A       100%        7
 Borgnjor's Revivificati  Necr           5%         N/A       100%        8
 Infestation              Necr           5%         N/A       100%        8
 Necromutation            Tmut/Necr      5%         N/A       100%        8
 Death's Door             Necr           5%         N/A       100%        9


Dungeon Overview and Level Annotations

Branches:
Dungeon (9/15)             Temple (1/1) D:7            Lair (2/6) D:8
  Swamp (0/4) Lair:2        Sewer (visited)
  Snake: Lair:2-4    Spider: Lair:2-4       Orc: D:9-12

Altars:
Ashenzari
Cheibriados
Elyvilon
Fedhas
Hepliaklqana
Makhleb
Nemelex Xobeh
Okawaru
Ru
Sif Muna
Trog
Uskayaw
Vehumet
Xom
Yredelemnul
Zin

Shops:
D:4 *   D:6 [


Innate Abilities, Weirdness & Mutations

You have a pair of antennae on your head.
You are powered by pain.
Spells you cast may paralyse nearby enemies.


Message History

The foxfire hits the yak but does no damage.
The yak is almost dead.
The yak is no longer paralysed.
Casting: Foxfire (safe; 1% risk of failure)
Confirm with . or Enter, or press ? or * to list all spells.
You feel a strong surge of power!
You conjure some foxfire!
Malevolent energies surge around you. The yak gores you!
* * * LOW HITPOINT WARNING * * *
Casting: Foxfire (safe; 1% risk of failure)
Confirm with . or Enter, or press ? or * to list all spells.
You feel a strong surge of power!
You conjure some foxfire!
Malevolent energies surge around you.
The foxfire hits the yak but does no damage.
The yak is severely wounded.
The yak gores you!
* * * LOW HITPOINT WARNING * * *
You focus on the pain.
You feel very mighty all of a sudden.
The foxfire hits the yak but does no damage.
The yak is heavily wounded.
The foxfire hits the yak but does no damage.
The yak is heavily wounded.
The foxfire hits the yak.
The yak is severely wounded.
Okay, then.
Unknown command.
Unknown command.
The yak gores you!
* * * LOW HITPOINT WARNING * * *
You hear the deafening beating of a distant drum.
Found a shiny copper wand and 18 gold pieces.
A naga comes into view.
It is wielding a +0 halberd and carrying a wand of polymorph (2).
Casting: Foxfire (safe; 1% risk of failure)
Confirm with . or Enter, or press ? or * to list all spells.
You feel a strong surge of power!
Flames lash the yak.
The yak is severely wounded.
The yak's fire resistance burns away.
Malevolent energies surge around you.
The naga shouts!
The yak gores you!
You die...

.. ... ... ..# #..## #.#
..#.#####.# ......#..#
#....##.#### ### ##
#.#...†.#.####..
##.#..####..............
.N/....@Y.Y....#.##.##..
.#####.##.....†###...#..
## #...#.###.#.##..
.............(...
#.........†.......
#P...P#...^#P#..#..
.....###.#####.###.
#$#.# #.####..# #.
#.P#P#..###.


You could see 2 yaks and a naga.

Vanquished Creatures
  Joseph (D:7)
  2 cane toads (Lair:1)
  5 komodo dragons
  4 blink frogs (Lair:1)
  Grinder (D:3)
  A wyvern (D:7)
  6 yaks
  A steam dragon (D:6)
  Eustachio (D:5)
  Menkaure (D:6)
  Edmund (D:5)
  7 water moccasins
  5 nagas (Lair:2)
  Duvessa (D:7)
  Pargi (Sewer)
  An orc warrior (D:8)
  An ice beast (D:7)
  A black bear (D:6)
  A sky beast (D:6)
  2 ogres
  6 wolves (Lair:2)
  2 phantoms
  A centaur (D:8)
  A kobold brigand (D:4)
  6 bullfrogs
  A gnoll sergeant (D:7)
  A wyvern zombie (D:5)
  2 scorpions
  Dowan (D:7)
  3 killer bees (D:8)
  6 wights
  A howler monkey (D:7)
  A jelly (D:8)
  An orc priest (D:7)
  2 bullfrog skeletons
  A centaur skeleton (D:6)
  A centaur zombie (D:6)
  3 hounds
  Crazy Yiuf (D:3)
  3 iguanas (D:6)
  An orc wizard (D:8)
  2 hound skeletons (D:5)
  2 howler monkey zombies
  6 gnolls
  6 adders
  A howler monkey skeleton (D:7)
  A shadow imp (D:7)
  2 white imps
  An ufetubus (D:5)
  2 worms (D:2)
  2 dart slugs (D:3)
  11 orcs
  2 bats
  4 endoplasms
  3 giant cockroaches
  10 goblins
  6 hobgoblins
  4 quokkas
  9 ball pythons
  5 frilled lizards
  10 kobolds
  9 rats
187 creatures vanquished.

Vanquished Creatures (collateral kills)
  An ugly thing (D:7)
  8 foxfires (Lair:2)
9 creatures vanquished.

Vanquished Creatures (others)
  827 foxfires
  2 fungi
  6 plants
  4 toadstools (D:4)
839 creatures vanquished.

Grand Total: 1035 creatures vanquished

Notes
Turn   | Place    | Note
-------+----------+-------------------------------------------
     0 | D:1      | Essalna the Demonspawn Fire Elementalist began the quest
                  | for the Orb.
     0 | D:1      | Reached XP level 1. HP: 13/13 MP: 3/3
   329 | D:1      | Found a faded altar of an unknown god.
   344 | D:1      | Gained mutation: Spells you cast may paralyse adjacent
                  | enemies. [demonic ancestry]
   344 | D:1      | Reached XP level 2. HP: 19/19 MP: 0/5
  1335 | D:2      | Reached XP level 3. HP: 24/24 MP: 2/6
  2343 | D:3      | Gained mutation: You sometimes gain a little power by
                  | taking damage. [demonic ancestry]
  2343 | D:3      | Reached XP level 4. HP: 30/30 MP: 1/8
  2407 | D:3      | Found a glowing drain.
  2425 | Sewer    | Entered a sewer
  2488 | Sewer    | Noticed Pargi
  2491 | Sewer    | Killed Pargi
  2492 | Sewer    | Reached XP level 5. HP: 35/35 MP: 7/10
  2814 | D:3      | You fall into a shaft and drop 1 floor!
  3402 | D:4      | Discovered your monstrous ancestry.
  3402 | D:4      | Gained mutation: You have a pair of small antennae on your
                  | head. [demonic ancestry]
  3402 | D:4      | Reached XP level 6. HP: 41/41 MP: 5/11
  3604 | D:4      | Found Kafih's Elemental Accessories.
  3674 | D:3      | Noticed Grinder
  3695 | D:3      | Paralysed by Grinder for 2 turns
  3701 | D:3      | Killed Grinder
  3702 | D:3      | Reached skill level 1 in Fighting
  3702 | D:3      | Reached XP level 7. HP: 11/48 MP: 6/13
  3982 | D:3      | Identified the +1 chain mail of Lust {rC- Dex+4}
  4144 | D:3      | Found a runed translucent door.
  4148 | D:3      | Learned a level 2 spell: Scorch
  4148 | D:3      | Noticed Crazy Yiuf
  4154 | D:3      | Killed Crazy Yiuf
  4751 | D:5      | Entered Level 5 of the Dungeon
  4817 | D:5      | Noticed Edmund
  4827 | D:5      | Killed Edmund
  4833 | D:5      | Reached skill level 5 in Fire Magic
  5330 | D:5      | Reached skill level 5 in Spellcasting
  5330 | D:5      | Reached skill level 5 in Conjurations
  5330 | D:5      | Gained mutation: You sometimes gain power by taking damage.
                  | [demonic ancestry]
  5330 | D:5      | Reached XP level 8. HP: 57/57 MP: 12/15
  5706 | D:5      | Found a radiant altar of Vehumet.
  5706 | D:5      | Noticed Eustachio
  5712 | D:5      | Killed Eustachio
  6417 | D:6      | Noticed Menkaure
  6421 | D:6      | Killed Menkaure
  6472 | D:6      | Gained mutation: You are powered by pain. [demonic
                  | ancestry]
  6472 | D:6      | Reached XP level 9. HP: 66/66 MP: 1/18
  7025 | D:6      | Found Odghipn's Antique Armour Shoppe.
  7039 | D:6      | Bought a slimy robe for 159 gold pieces
  7039 | D:6      | Identified the +0 robe of Curiosity {rF+ Will+ Int+10
                  | Dex-3} (You bought it in a shop on level 6 of the Dungeon)
  7169 | D:6      | Learned a level 4 spell: Flame Wave
  7173 | D:6      | Learned a level 3 spell: Inner Flame
  7220 | D:7      | Reached skill level 5 in Fighting
  7597 | D:7      | Noticed Duvessa
  7602 | D:7      | Noticed Dowan
  7604 | D:7      | Killed Duvessa
  7605 | D:7      | Reached skill level 1 in Armour
  7608 | D:7      | Killed Dowan
  7726 | D:7      | Noticed a red ugly thing
  7904 | D:7      | Killed a red ugly thing
  8066 | D:7      | Found a staircase to the Ecumenical Temple.
  8090 | Temple   | Entered the Ecumenical Temple
  8192 | Temple   | Became a worshipper of Ashenzari the Shackled
  8293 | D:7      | Noticed Joseph
  8305 | D:7      | Killed Joseph
  8843 | D:8      | Gained mutation: You have a pair of antennae on your head.
                  | [demonic ancestry]
  8843 | D:8      | Reached XP level 10. HP: 76/76 MP: 7/20
  9305 | D:8      | Found a basalt altar of Yredelemnul.
  9375 | D:8      | Noticed a death yak
  9496 | D:8      | Noticed a death yak
  9502 | D:8      | Noticed a death yak
  9900 | D:8      | Found a staircase to the Lair.
  9919 | Lair:1   | Entered Level 1 of the Lair of Beasts
  9936 | Lair:1   | Identified the +2 leather armour of Vympu {rPois Will++}
  9946 | Lair:1   | Noticed a cane toad
  9950 | Lair:1   | Killed a cane toad
 10092 | Lair:1   | Noticed a cane toad
 10098 | Lair:1   | Killed a cane toad
 11051 | Lair:2   | Found a staircase to the Swamp.
 11211 | Lair:2   | Gained mutation: Spells you cast may paralyse nearby
                  | enemies. [demonic ancestry]
 11211 | Lair:2   | Reached XP level 11. HP: 83/83 MP: 0/22
 11489 | Lair:2   | Reached skill level 5 in Dodging
 11558 | Lair:2   | Slain by a yak

Illustrated notes

Levels and vault maps discovered:
D:1:      dpeg_arrival_morbid_curiosity, layout_basic,
          hellmonk_ecumenical_altar_run_dry
D:2:      layout_loops_ring, serial_glass, glass_columns_a, glass_columns_b
D:3:      layout_rooms, portal_sewer_entry_b, uniq_grinder,
          uniq_crazy_yiuf_cottage
D:4:      layout_rooms, nicolae_elemental_shop, minmay_gold_behind_fungi,
          grunt_decor_cap, chequers_serial_rivers_small_a,
          kennysheep_flooded_box
D:5:      layout_loops_ring, mainiacjoe_overflow_six_doors_small,
          chequers_serial_rivers_large_a, uniq_edmund, uniq_eustachio
D:6:      layout_rooms, serial_shops, nicolae_square_shop, uniq_menkaure
D:7:      layout_basic, minmay_temple_entry_proselytizer, minivault_23,
          uniq_joseph, uniq_duvessa
D:8:      layout_loops_ring, lemuel_coloured_pillars_altar, dpeg_lair_monsters
D:9:      layout_roguey, mainiacjoe_overflow_alcove_2, tso_metal_star,
          david_orc_4, grunt_ministairs_4, lightli_minifort
Temple:   eino_temple_scatter_basement
Lair:1:   layout_misc_corridors, chequers_serial_rivers_marsh,
          infiniplex_staircase_pool_2, grunt_megastairs_5, lemuel_fruit_tree
Lair:2:   layout_loops_ring, swamp_mist_pool,
          minmay_snake_entry_guardpost_medium, gauntlet_entry_generic

Skill      XL: |  1  2  3  4  5  6  7  8  9 10 11 |
---------------+----------------------------------+-----
Fire Magic     | 3 4 5 6 7 8 |  8.0
Conjurations   | 2 3 4 5 6 7 8 |  8.4
Spellcasting   | 3 4 5 6 7 |  7.9
Fighting       | 1 2 4 5 6 7 |  7.3
Dodging        | 3 4 5 |  5.0
Armour         | 2 4 |  4.6
Stealth        | |  1.7

Action                   |  1- 3 |  4- 6 |  7- 9 | 10-12 || total
-------------------------+-------+-------+-------+-------++-------
Melee: Dagger            |    27 |    44 |    29 |       ||   100
       Staff             |       |       |    17 |    20 ||    37
 Cast: Foxfire           |    83 |    72 |   235 |   105 ||   495
       Scorch            |       |       |    36 |    64 ||   100
       Flame Wave        |       |       |       |     5 ||     5
  Use: Scroll            |     5 |       |     4 |     1 ||    10
       Potion            |       |       |     1 |       ||     1
 Stab: Paralysed         |     3 |     3 |    10 |    10 ||    26
       Sleeping          |     1 |     2 |     1 |       ||     4
Armor: Robe              |     3 |    13 |    23 |    11 ||    50
Dodge: Dodged            |    20 |    27 |    36 |    21 ||   104

Table legend: (Time is in decaauts)
 A = Elapsed time spent in this place.
 B = Non-inter-level travel time spent in this place.
 C = Inter-level travel time spent in this place.
 D = Time resting spent in this place.
 E = Time spent auto-exploring this place.
 F = Levels seen in this place.
 G = Mean time per level.
                   A        B        C        D        E       F      G
               +--------+--------+--------+--------+--------+-----+--------+
         Total |  11591 |  11235 |    356 |    129 |   9540 |  13 |  891.6 |
       Dungeon |   9604 |   9351 |    253 |      0 |   8177 |   9 | 1067.1 |
        Temple |    115 |     99 |     16 |      0 |     85 |   1 |  115.0 |
          Lair |   1647 |   1560 |     87 |    129 |   1100 |   2 |  823.5 |
         Sewer |    223 |    223 |      0 |      0 |    177 |   1 |  223.0 |
               +--------+--------+--------+--------+--------+-----+--------+

Top non-repeatable levels by time:
     D:5: 1460 daAuts
     D:7: 1400 daAuts
  Lair:1: 1269 daAuts
     D:3: 1249 daAuts
     D:1: 1244 daAuts
     D:2: 1082 daAuts
     D:6: 991 daAuts
     D:4: 954 daAuts
     D:8: 778 daAuts
     D:9: 441 daAuts
  Lair:2: 378 daAuts
   Sewer: 223 daAuts
  Temple: 115 daAuts
